 Dungeon Crawl Stone Soup version bcrawl-1.41.1 (webtiles) character file.

Game seed: 5013165778408617402

267412 Yshiel the Chiller (level 8, -7/59 HPs)
             Began as a Gnoll Ice Elementalist on Apr 20, 2024.
             Was a Priest of Okawaru.
             Mangled by a bullfrog (10 damage)
             ... on level 5 of the Dungeon.
             The game lasted 00:40:10 (5036 turns).

Yshiel the Chiller (Gnoll Ice Elementalist)         Turns: 5036, Time: 00:40:10

Health: -7/59      AC:  2    Str: 10    XL:     8   Next: 96%
Magic:  15/17      EV: 16    Int: 18    God:    Okawaru [***...]
Gold:   376        SH:  0    Dex: 18    Spells: 18/19 levels left

rFire    + . .     GDR:     32% q - +1 dagger (speed)
rCold    + . .     SeeInvis +   (no shield)
rNeg     . . .     Gourm    .   a - +0 robe
rPois    .         Faith    .   (no helmet)
rElec    .         Spirit   .   f - scarf {rC+ rF+}
rCorr    .         Reflect  .   (no gloves)
MR       +....                  (no boots)
Stlth    +++.......             (no amulet)
HPRegen  0.19/turn              b - ring of protection from magic
MPRegen  0.15/turn              l - ring of see invisible

@: no status effects
A: distributed training, fangs 1, strong nose
a: Heroism, Renounce Religion


You were on level 5 of the Dungeon.
You worshipped Okawaru.
Okawaru was most pleased with you.
You were not hungry.

You visited 1 branch of the dungeon, and saw 6 of its levels.

You collected 376 gold pieces.

Inventory:

Hand Weapons
 d - a +0 hunting sling
 h - a +1 dagger of draining
 q - a +1 dagger of speed (weapon)
 x - a +0 blowgun
Missiles
 g - 1145 stones (quivered)
 n - 697 sling bullets
 y - 142 poisoned needles
 A - 309 arrows
Armour
 a - a +0 robe (worn)
 f - a scarf of resistance (worn)
Jewellery
 b - a ring of protection from magic (left hand)
 l - a ring of see invisible (right hand)
Wands
 c - a wand of iceblast (13)
Scrolls
 i - a scroll of identify
 j - a scroll of fear {unknown}
 m - 2 scrolls of blinking
 p - 2 scrolls of teleportation
 B - a scroll of enchant weapon {unknown}
 D - 2 scrolls of remove curse
 E - a scroll of enchant armour {unknown}
 F - a scroll of immolation {unknown}
Potions
 k - 3 potions of flight
 r - a potion of mutation
 s - 2 potions of magic
 t - a potion of brilliance {unknown}
 u - 2 potions of degeneration
 v - a potion of haste {unknown}
 w - 2 potions of heal wounds {unknown}
 z - 2 potions of cancellation {unknown}
 C - a potion of agility {unknown}
 G - a potion of curing
Comestibles
 e - 6 rations {!d}


   Skills:
 + Level 3.6 Fighting
 + Level 3.6 Short Blades
 + Level 3.6 Long Blades
 + Level 3.6 Axes
 + Level 3.6 Maces & Flails
 + Level 3.6 Polearms
 + Level 3.6 Staves
 + Level 3.6 Slings
 + Level 3.6 Bows
 + Level 3.6 Crossbows
 + Level 3.6 Throwing
 + Level 3.6 Armour
 + Level 5.9 Dodging
 + Level 5.9 Stealth
 + Level 3.6 Shields
 + Level 3.6 Unarmed Combat
 + Level 6.2 Spellcasting
 + Level 3.7 Conjurations
 + Level 3.0 Hexes
 + Level 3.0 Charms
 + Level 3.0 Summonings
 + Level 3.0 Necromancy
 + Level 3.0 Translocations
 + Level 3.0 Transmutations
 + Level 3.0 Fire Magic
 + Level 6.3 Ice Magic
 + Level 3.0 Air Magic
 + Level 3.0 Earth Magic
 + Level 3.0 Poison Magic
 + Level 4.0 Invocations
 + Level 3.6 Evocations


You had 18 spell levels left.
You knew the following spells:

 Your Spells              Type           Power        Failure   Level  Hunger
a - Freeze                Ice            ####..       1%          1    None

Your spell library contained the following spells:

 Spells                   Type           Power        Failure   Level  Hunger
 Throw Frost              Conj/Ice       ###...       1%          2    None
 Ozocubu's Armour         Chrm/Ice       ###.....     5%          3    #......
 Throw Icicle             Conj/Ice       ###.....     14%         4    ####...
 Ice Form                 Ice/Tmut       ###.....     17%         4    ####...
 Summon Ice Beast         Ice/Summ       ###.....     17%         4    ####...


Dungeon Overview and Level Annotations

Branches:
Dungeon (6/12)             Temple (0/1) D:4

Altars:
Okawaru
Sif Muna
Wu Jian

Shops:
D:5 %


Innate Abilities, Weirdness & Mutations

Your experience applies equally to all skills.
You have very sharp teeth.
Your uncanny sense of smell can sniff out nearby items.


Message History

Casting: Freeze (safe; 1% risk of failure)
Confirm with . or Enter, or press ? or * to list all spells.
Aiming: Freeze (safe; 1% risk of failure)
Press: ? - help, Shift-Dir - straight line, f - bullfrog
Aim: a bullfrog (lightly wounded)
You freeze the bullfrog.
The bullfrog is moderately wounded.
The bullfrog seems to slow down.
The bullfrog snags a nearby baby bat with its tongue.
The bullfrog hits you!
* * * LOW HITPOINT WARNING * * *
Casting: Freeze (safe; 1% risk of failure)
Confirm with . or Enter, or press ? or * to list all spells.
Aiming: Freeze (safe; 1% risk of failure)
Press: ? - help, Shift-Dir - straight line, f/p - bullfrog
Aim: a bullfrog (moderately wounded, slow)
You freeze the bullfrog.
The bullfrog is moderately wounded.
The bullfrog hits you!
You die...

..............###...##...##.###..
..............'.....#....#....#..
..............#.....#....#....#..
..............#.....#....#....#..
..............#.....#.........#..
..............#.....#....#....#..
..............##....#########.#..
######.........#######...##......
#.........F@.........#......
#.........#..........#......
#.........#..........#......
#..>......#######...##......
###.....### #...#######. #.....#
#....#....#. #.....# #....#....#.
#.....# #....'....#. #.....#
#....#....#.


You could see a bullfrog.

Vanquished Creatures
  Menkaure (D:3)
  Duvessa (D:5)
  An ice beast (D:5)
  An orc warrior (D:5)
  2 sky beasts
  2 phantoms
  A kobold brigand (D:5)
  A centaur (D:4)
  A scorpion (D:4)
  Dowan (D:5)
  2 orc priests
  2 crimson imps
  A bullfrog zombie (D:5)
  A hound (D:5)
  3 jellies
  4 bullfrog skeletons
  Jessica (D:3)
  2 worker ants
  5 adders
  A shadow imp (D:5)
  An adder zombie (D:4)
  3 dart slugs
  A leopard gecko (D:4)
  11 orcs
  A giant cockroach (D:3)
  3 goblins
  7 hobgoblins
  9 jackals
  20 kobolds
  3 quokkas
  3 ball pythons
  6 bats
  A frilled lizard (D:3)
  A jackal skeleton (D:5)
  A quokka skeleton (D:5)
  A quokka zombie (D:4)
  4 rats
110 creatures vanquished.

Notes
Turn   | Place    | Note
-------+----------+-------------------------------------------
     0 | D:1      | Yshiel the Gnoll Ice Elementalist began the quest for the
                  | Orb.
     0 | D:1      | Reached XP level 1. HP: 13/13 MP: 6/6
   118 | D:1      | Reached XP level 2. HP: 19/19 MP: 5/7
   941 | D:2      | Reached XP level 3. HP: 18/25 MP: 7/9
  1014 | D:2      | Reached skill level 5 in Spellcasting
  1178 | D:2      | Found a shimmering blue altar of Sif Muna.
  1293 | D:3      | Noticed Jessica
  1300 | D:3      | Killed Jessica
  1301 | D:3      | Reached skill level 1 in Fighting
  1301 | D:3      | Reached skill level 1 in Short Blades
  1301 | D:3      | Reached skill level 1 in Long Blades
  1301 | D:3      | Reached skill level 1 in Axes
  1301 | D:3      | Reached skill level 1 in Maces & Flails
  1301 | D:3      | Reached skill level 1 in Polearms
  1301 | D:3      | Reached skill level 1 in Staves
  1301 | D:3      | Reached skill level 1 in Slings
  1301 | D:3      | Reached skill level 1 in Bows
  1301 | D:3      | Reached skill level 1 in Crossbows
  1301 | D:3      | Reached skill level 1 in Throwing
  1301 | D:3      | Reached skill level 1 in Armour
  1301 | D:3      | Reached skill level 1 in Shields
  1301 | D:3      | Reached skill level 1 in Unarmed Combat
  1301 | D:3      | Reached skill level 1 in Invocations
  1301 | D:3      | Reached skill level 1 in Evocations
  1301 | D:3      | Reached XP level 4. HP: 27/32 MP: 4/11
  1329 | D:3      | Reached skill level 1 in Hexes
  1329 | D:3      | Reached skill level 1 in Charms
  1329 | D:3      | Reached skill level 1 in Summonings
  1329 | D:3      | Reached skill level 1 in Necromancy
  1329 | D:3      | Reached skill level 1 in Translocations
  1329 | D:3      | Reached skill level 1 in Transmutations
  1329 | D:3      | Reached skill level 1 in Fire Magic
  1329 | D:3      | Reached skill level 1 in Air Magic
  1329 | D:3      | Reached skill level 1 in Earth Magic
  1329 | D:3      | Reached skill level 1 in Poison Magic
  1566 | D:3      | Found an iron altar of Okawaru.
  1598 | D:3      | Reached XP level 5. HP: 24/37 MP: 5/12
  1752 | D:3      | Became a worshipper of Warmaster Okawaru
  1968 | D:4      | Found a staircase to the Ecumenical Temple.
  2006 | D:4      | Noticed a sky beast
  2041 | D:3      | Killed a sky beast
  2042 | D:3      | Reached XP level 6. HP: 3/44 MP: 14/14
  2287 | D:4      | Reached skill level 5 in Dodging
  2287 | D:4      | Reached skill level 5 in Stealth
  2389 | D:4      | Noticed Menkaure
  2755 | D:3      | Killed Menkaure
  2755 | D:3      | Reached * piety under Okawaru
  2756 | D:3      | Reached XP level 7. HP: 16/51 MP: 4/15
  2931 | D:4      | Found an ornate altar of the Wu Jian Council.
  2988 | D:5      | Entered Level 5 of the Dungeon
  3020 | D:5      | Reached ** piety under Okawaru
  3160 | D:5      | Found Rudi God's Food Shop.
  3197 | D:5      | Noticed Duvessa
  3198 | D:5      | Noticed Dowan
  3213 | D:5      | Killed Dowan
  3265 | D:5      | Killed Duvessa
  3266 | D:5      | Reached XP level 8. HP: 19/57 MP: 9/16
  4437 | D:5      | Reached *** piety under Okawaru
  5036 | D:5      | Mangled by a bullfrog

Skill      XL: |  1  2  3  4  5  6  7  8 |
---------------+-------------------------+-----
Conjurations   | 2 3 |  3.7
Spellcasting   | 5 6 |  6.2
Fighting       | 1 2 3 |  3.6
Short Blades   | 1 2 3 |  3.6
Long Blades    | 1 2 3 |  3.6
Axes           | 1 2 3 |  3.6
Maces & Flails | 1 2 3 |  3.6
Polearms       | 1 2 3 |  3.6
Staves         | 1 2 3 |  3.6
Slings         | 1 2 3 |  3.6
Bows           | 1 2 3 |  3.6
Crossbows      | 1 2 3 |  3.6
Throwing       | 1 2 3 |  3.6
Armour         | 1 2 3 |  3.6
Shields        | 1 2 3 |  3.6
Unarmed Combat | 1 2 3 |  3.6
Invocations    | 1 2 3 4 |  4.0
Evocations     | 1 2 3 |  3.6
Hexes          | 1 2 3 |  3.0
Charms         | 1 2 3 |  3.0
Summonings     | 1 2 3 |  3.0
Necromancy     | 1 2 3 |  3.0
Translocations | 1 2 3 |  3.0
Transmutations | 1 2 3 |  3.0
Fire Magic     | 1 2 3 |  3.0
Air Magic      | 1 2 3 |  3.0
Earth Magic    | 1 2 3 |  3.0
Poison Magic   | 1 2 3 |  3.0
Dodging        | 5 |  5.9
Stealth        | 5 |  5.9
Ice Magic      | 6 |  6.3

Action                   |  1- 3 |  4- 6 |  7- 9 || total
-------------------------+-------+-------+-------++-------
Melee: Unarmed           |     7 |       |       ||     7
       Short sword       |    25 |       |       ||    25
       Bite              |     4 |    10 |    27 ||    41
       Dagger            |       |    82 |   180 ||   262
       Punch             |       |       |     3 ||     3
 Fire: Blowgun           |       |     4 |       ||     4
 Cast: Freeze            |    32 |    70 |    54 ||   156
Invok: Heroism           |       |       |     1 ||     1
  Use: Scroll            |     2 |     3 |     6 ||    11
       Potion            |       |     4 |     1 ||     5
 Stab: Sleeping          |     6 |     3 |     3 ||    12
  Eat: Chunk             |     3 |     7 |     7 ||    17
       Ration            |       |       |     1 ||     1
Armor: Robe              |     8 |    16 |     4 ||    28
Dodge: Dodged            |    44 |    99 |   108 ||   251
